 Dungeon Crawl Stone Soup version 0.24.0-13-gcf9b3192b9 (webtiles) character file.

Game seed: 3496089838528434251, levelgen mode: deterministic

36022 Arum the Basher (level 13, -26/89 HPs)
             Began as a Gargoyle Fighter on Nov 10, 2019.
             Was a Priest of Cheibriados.
             Killed from afar by Azrael (37 damage)
             ... with damnation
             ... on level 15 of the Dungeon.
             The game lasted 00:28:53 (16206 turns).

Arum the Basher (Gargoyle Fighter)                 Turns: 16206, Time: 00:28:54

Health: -26/89     AC: 21    Str: 35    XL:     13   Next: 87%
Magic:  7/20       EV: 14    Int: 21    God:    Cheibriados [***...]
Gold:   916        SH: 17    Dex: 23    Spells: 12/12 levels left

rFire    + . .     SeeInvis .   e - +0 demon whip (flame)
rCold    . . .     Gourm    .   I - +2 shield
rNeg     + . .     Faith    .   b - +0 scale mail
rPois    ∞         Spirit   .   (no helmet)
rElec    +         Reflect  .   a - scarf {cloud immunity}
rCorr    .         Harm     .   F - +0 pair of gloves
MR       +++..                  A - +1 pair of boots {Fly}
Stlth    ++........             (no amulet)
HPRegen  0.24/turn              B - ring "Jiopsuc" {rPois MR++ Str+4 Int+3}
MPRegen  0.17/turn              M - ring of protection from fire

@: agile, flying, very slow
A: hooves 1, magic resistance 1, negative energy resistance 1, electricity
resistance, unbreathing, petrification resistance, rot immunity, AC +9
a: Bend Time, Temporal Distortion, Renounce Religion, Stop Flying


You were on level 15 of the Dungeon.
You worshipped Cheibriados.
Cheibriados was most pleased with you.
You were very hungry.

You visited 1 branch of the dungeon, and saw 15 of its levels.
You also visited: Gauntlet.

You collected 1006 gold pieces.
You spent 90 gold pieces at shops.

Inventory:

Hand Weapons
 e - a +0 demon whip of flaming (weapon)
 l - a +2 morningstar of distortion
 y - a +4 dire flail of protection
 H - a +2 flail
Armour
 a - a scarf of cloud immunity (worn)
 b - a +0 scale mail (worn)
 u - a +0 large shield
 A - a +1 pair of boots of flying (worn)
 F - a +0 pair of gloves (worn)
 I - a +2 shield (worn)
Jewellery
 c - a +4 ring of intelligence
 d - an uncursed ring of protection from magic
 s - an uncursed ring of positive energy
 w - an uncursed ring of see invisible {unknown}
 B - the ring "Jiopsuc" (left hand) {rPois MR++ Str+4 Int+3}
   (You found it in a Gauntlet)

   [ring of poison resistance]

   It affects your strength (+4).
   It affects your intelligence (+3).
   It protects you from poison.
   It affects your resistance to hostile enchantments.
 E - an uncursed ring of resist corrosion
 M - a ring of protection from fire (right hand)
Wands
 k - a wand of digging (10)
 v - a wand of iceblast (18)
 x - a wand of polymorph (15)
 z - a wand of paralysis (7)
Scrolls
 h - 7 scrolls of remove curse
 j - 5 scrolls of enchant armour
 m - a scroll of random uselessness
 n - 2 scrolls of magic mapping
 o - a scroll of amnesia
 p - 4 scrolls of enchant weapon
 q - 4 scrolls of fear
 r - 3 scrolls of blinking
 t - 9 scrolls of immolation
 C - 2 scrolls of fog
 G - a scroll of teleportation
 J - a scroll of identify
Potions
 g - 6 potions of degeneration
 i - 2 potions of brilliance
 D - a potion of agility
 K - 2 potions of cancellation
 P - a potion of mutation
Miscellaneous
 L - a fan of gales
 O - a sack of spiders
Comestibles
 f - 27 rations


   Skills:
 + Level 13.7 Fighting
 + Level 14.6 Maces & Flails
 + Level 7.7 Armour
 - Level 12.1 Shields
 - Level 10.0 Invocations


You had 12 spell levels left.
You didn't know any spells.
Your spell library contained the following spells:

 Spells                   Type           Power        Failure   Level  Hunger
 Beastly Appendage        Tmut           #.....       41%         1    ##.....
 Flame Tongue             Conj/Fire      #....        41%         1    ##.....
 Magic Dart               Conj           #...         41%         1    ##.....
 Sandblast                Erth           #.....       41%         1    ##.....
 Summon Butterflies       Summ           #.......     41%         1    ##.....
 Blink                    Tloc           N/A          56%         2    ###....
 Call Imp                 Summ           #.......     56%         2    ###....
 Passwall                 Tmut/Erth      #.......     56%         2    ###....
 Slow                     Hex            #.......     56%         2    ###....
 Sticks to Snakes         Tmut           #.......     56%         2    ###....
 Throw Flame              Conj/Fire      #.....       56%         2    ###....
 Call Canine Familiar     Summ           #.......     80%         3    ####...
 Conjure Flame            Conj/Fire      #.......     80%         3    ####...
 Inner Flame              Hex/Fire       #.......     80%         3    ####...
 Mephitic Cloud           Conj/Pois/Air  #.......     80%         3    ####...
 Spider Form              Tmut/Pois      #.........   80%         3    ####...
 Stone Arrow              Conj/Erth      #.....       80%         3    ####...
 Ice Form                 Ice/Tmut       #.......     99%         4    #####..
 Petrify                  Tmut/Erth      #.......     99%         4    #####..
 Sticky Flame             Conj/Fire      #.......     99%         4    #####..
 Summon Ice Beast         Ice/Summ       #.......     99%         4    #####..
 Blade Hands              Tmut           #.........   100%        5    ######.
 Fireball                 Conj/Fire      #.........   100%        5    ######.
 Lee's Rapid Deconstruct  Erth           #.........   100%        5    ######.
 Summon Mana Viper        Hex/Summ       #.......     100%        5    ######.
 Summon Hydra             Summ           #.........   100%        7    #######


Dungeon Overview and Level Annotations

Branches:
Dungeon (15/15)            Temple (0/1) D:6            Lair (0/6) D:9
    Orc (0/2) D:10         Vaults (0/5) D:13        Gauntlet (visited)
 Depths: D:15

Altars:
Ashenzari
Cheibriados
Dithmenos
Elyvilon
Gozag
Hepliaklqana
Makhleb
Okawaru
Qazlal
Trog
Uskayaw
Xom
Zin

Shops:
D:6 }   D:13 :

Portals:
Trove: D:11 (give 8 potions of agility)

Annotations:
D:6 3 runed translucent doors, Karim's ghost, novice NaFi
D:10 2 transporters
D:15 Azrael


Innate Abilities, Weirdness & Mutations

You are resistant to torment.
Your stone body is resilient. (AC +9)
You are immune to poison.
You resist negative energy. (rN+)
You are resistant to electric shocks. (rElec)
You can survive without breathing.
You are immune to petrification.
You are immune to rotting.
You have large cloven feet.
You are resistant to hostile enchantments. (MR+)


Message History

The damnation engulfs Azrael.
Azrael completely resists.
You hear a shout!
You barely miss Azrael.
Azrael is lightly wounded.
You barely miss Azrael.
Azrael is lightly wounded.
You block Azrael's attack.
Okay, then.
You whack Azrael!
Azrael is moderately wounded.
You whack Azrael!
Azrael is moderately wounded.
You block Azrael's attack.
You barely miss Azrael.
Azrael is moderately wounded.
You whack Azrael!
Azrael is heavily wounded.
Azrael gestures at you.
The sphere of damnation explodes!
The damnation engulfs you!!!
You die...

/.°.# #.°.#
#...# #...# .
#<°.#
..########T.#
........##†##
........##.#
.......@#○R#
......##R#.#
..... #.##C#
.... ..# #.#
### #.# #..
#.# ### #.#
##


You could see Azrael.

Vanquished Creatures
  A minotaur (Gauntlet)
  2 dancing weapons (D:13)
  A two-headed ogre (D:8)
  A death knight (D:13)
  The ghost of Jawam the Spry, a journeyman FeBe of Trog (D:12)
  5 skeletal warriors (D:11)
  2 phantasmal warriors (D:13)
  A deep elf mage (D:13)
  4 cyclopes
  9 ugly things
  A gargoyle (D:12)
  An ice statue (Gauntlet)
  Psyche (D:12)
  3 kobold demonologists
  A freezing wraith (D:13)
  2 rime drakes (Gauntlet)
  A troll (D:12)
  A merfolk (D:10)
  2 hornets
  Prince Ribbit (D:8)
  A tyrant leech (Gauntlet)
  6 hippogriffs
  11 flying skulls (Gauntlet)
  A wyvern (D:13)
  Sigmund (D:5)
  21 yaks
  Eustachio (D:5)
  A basilisk (D:9)
  5 fire elementals (D:15)
  3 hungry ghosts
  A steam dragon (D:11)
  Menkaure (D:4)
  Edmund (D:6)
  3 swamp worms (Gauntlet)
  2 soldier ants
  3 hell hounds (D:15)
  3 porcupines (D:9)
  A hornet zombie (D:11)
  3 sky beasts
  2 ice beasts
  13 orc warriors
  5 phantoms
  A black bear (D:9)
  An eye of draining (D:13)
  A tengu (shapeshifter) (D:13)
  2 ogres
  3 centaurs
  3 crocodiles
  13 big kobolds
  4 bullfrogs
  2 wyvern zombies
  A wyvern skeleton (D:10)
  8 scorpions
  11 wights
  15 killer bees
  2 electric eels (D:10)
  4 howler monkeys
  8 crimson imps
  A lava snake (D:10)
  5 centaur zombies
  A quasit (D:6)
  7 hounds
  5 bullfrog skeletons
  4 centaur skeletons
  6 jellies
  18 orc priests
  A gnoll shaman (D:4)
  24 orc wizards
  3 iguanas
  Natasha (thrice) (D:2)
  9 worker ants
  A hound zombie (D:9)
  A worker ant zombie (D:6)
  4 gnolls (D:10)
  14 adders
  2 shadow imps
  2 adder zombies
  2 adder skeletons
  4 worms
  3 dart slugs
  4 leopard geckos
  81 orcs
  4 giant cockroaches
  7 goblins
  12 hobgoblins
  13 jackals
  28 kobolds
  4 quokkas
  5 bats
  9 frilled lizards
  A giant cockroach zombie (D:5)
  A quokka skeleton (D:7)
  A quokka zombie (D:7)
  12 rats
  A butterfly (D:3)
512 creatures vanquished.

Vanquished Creatures (others)
  3 orcs
  10 demonic plants (Gauntlet)
  A fungus (D:9)
  2 plants (D:9)
16 creatures vanquished.

Grand Total: 528 creatures vanquished

Notes
Turn   | Place    | Note
-------+----------+-------------------------------------------
     0 | D:1      | Arum the Gargoyle Fighter began the quest for the Orb.
     0 | D:1      | Reached XP level 1. HP: 14/14 MP: 1/1
   184 | D:1      | Reached XP level 2. HP: 15/19 MP: 2/2
   380 | D:1      | Reached XP level 3. HP: 24/24 MP: 3/3
   483 | D:1      | You fall into a shaft and drop 1 floor!
   537 | D:2      | Found a shattered altar of Ashenzari.
   618 | D:2      | Noticed Natasha
   632 | D:2      | Killed Natasha
   632 | D:2      | Reached XP level 4. HP: 6/29 MP: 4/4
  1016 | D:2      | Reached skill level 3 in Maces & Flails
  1363 | D:2      | Found a snail-covered altar of Cheibriados.
  1363 | D:2      | Noticed Natasha
  1377 | D:2      | Killed Natasha
  1392 | D:2      | Became a worshipper of Cheibriados the Contemplative
  1562 | D:2      | Noticed Natasha
  1567 | D:2      | Killed Natasha
  1567 | D:2      | Reached XP level 5. HP: 28/34 MP: 5/5
  2076 | D:3      | Found a shimmering altar of Xom.
  2103 | D:3      | Reached * piety under Cheibriados
  2134 | D:3      | Found Zin's Purification Station.
  2137 | D:3      | Found a glowing silver altar of Zin.
  2141 | D:3      | Bought a potion of curing for 90 gold pieces
  2249 | D:3      | Found a bloodstained altar of Trog.
  2266 | D:3      | Reached XP level 6. HP: 39/40 MP: 6/6
  2521 | D:4      | Noticed a phantom
  2550 | D:4      | Reached skill level 5 in Fighting
  2550 | D:4      | Reached skill level 5 in Shields
  2561 | D:4      | Gained mutation: You are resistant to hostile enchantments.
                  | (MR+) [potion of mutation]
  2561 | D:4      | Gained mutation: You have large cloven feet. [potion of
                  | mutation]
  2574 | D:4      | Reached skill level 4 in Maces & Flails
  2885 | D:4      | Killed a phantom
  2885 | D:4      | Reached XP level 7. HP: 23/44 MP: 7/7
  3192 | D:4      | Reached ** piety under Cheibriados
  3293 | D:4      | Reached skill level 5 in Maces & Flails
  3390 | D:4      | Noticed Menkaure
  3397 | D:4      | Killed Menkaure
  3679 | D:4      | Reached XP level 8. HP: 12/52 MP: 8/8
  3983 | D:5      | Entered Level 5 of the Dungeon
  4160 | D:5      | Noticed Eustachio
  4219 | D:5      | Killed Eustachio
  4219 | D:5      | Reached skill level 6 in Maces & Flails
  4526 | D:5      | Found an iron altar of Okawaru.
  4583 | D:5      | Noticed Sigmund
  4592 | D:5      | Killed Sigmund
  4714 | D:5      | Reached *** piety under Cheibriados
  4955 | D:6      | Reached XP level 9. HP: 53/58 MP: 9/9
  4972 | D:6      | Found a runed translucent gate.
  4972 | D:6      | Found a runed translucent gate.
  4988 | D:6      | Found a runed translucent gate.
  4990 | D:6      | Found an opulent altar of Gozag.
  5100 | D:6      | Reached skill level 7 in Maces & Flails
  5443 | D:6      | Found Nashrotz's Gadget Shoppe.
  5491 | D:6      | Found a burning altar of Makhleb.
  5492 | D:6      | Found a shadowy altar of Dithmenos.
  5599 | D:6      | Found a staircase to the Ecumenical Temple.
  5649 | D:6      | Noticed Edmund
  5663 | D:6      | Killed Edmund
  5663 | D:6      | Reached skill level 8 in Maces & Flails
  5877 | D:6      | Reached **** piety under Cheibriados
  6020 | D:6      | Noticed Karim's ghost (novice NaFi)
  6076 | D:7      | Found a shattered altar of Ashenzari.
  6080 | D:7      | Reached XP level 10. HP: 57/66 MP: 10/10
  6143 | D:7      | Found a hide-covered altar of Uskayaw.
  6424 | D:7      | Reached ***** piety under Cheibriados
  6427 | D:7      | Reached skill level 9 in Maces & Flails
  6909 | D:8      | Noticed Prince Ribbit
  6946 | D:8      | Killed Prince Ribbit
  6946 | D:8      | Reached skill level 1 in Invocations
  7340 | D:8      | Noticed a two-headed ogre
  7351 | D:8      | Killed a two-headed ogre
  7351 | D:8      | Reached skill level 10 in Fighting
  7351 | D:8      | Reached skill level 10 in Shields
  7827 | D:9      | Reached skill level 10 in Maces & Flails
  8091 | D:9      | Reached XP level 11. HP: 15/73 MP: 9/14
  8510 | D:9      | Found a staircase to the Lair.
  8687 | D:9      | Found an opulent altar of Gozag.
  8726 | D:9      | Found a hazy altar of Hepliaklqana.
  8808 | D:9      | Reached skill level 11 in Maces & Flails
  8834 | D:9      | Found a stormy altar of Qazlal.
  8837 | D:9      | Found an iron altar of Okawaru.
  8840 | D:9      | Found a white marble altar of Elyvilon.
  8979 | D:9      | Found a bloodstained altar of Trog.
  9006 | D:10     | Entered Level 10 of the Dungeon
  9076 | D:10     | Reached skill level 5 in Invocations
  9196 | D:10     | Found a transporter.
  9366 | D:10     | Reached ****** piety under Cheibriados
  9630 | D:10     | Found a staircase to the Orcish Mines.
  9966 | D:10     | Found a transporter.
 10647 | D:11     | Noticed a red ugly thing
 10660 | D:11     | Killed a red ugly thing
 11198 | D:11     | Reached skill level 12 in Maces & Flails
 11412 | D:11     | Found a portal to a secret trove of treasure.
 11552 | D:11     | Reached XP level 12. HP: 80/80 MP: 17/17
 12244 | D:12     | Reached skill level 13 in Maces & Flails
 12332 | D:12     | Identified a scroll of acquirement
 12581 | D:12     | Noticed Psyche
 12585 | D:12     | Killed Psyche
 12614 | D:12     | Noticed Jawam's ghost (journeyman FeBe)
 12615 | D:12     | Found a runed translucent door.
 12982 | D:12     | Killed Jawam's ghost
 13250 | D:13     | Noticed a death knight
 13261 | D:13     | Killed a death knight
 13261 | D:13     | Reached skill level 5 in Armour
 13515 | D:13     | Reached XP level 13. HP: 87/87 MP: 19/19
 13518 | D:13     | Found Ciufarph's Book Emporium.
 13559 | D:13     | Found a gate to the Vaults.
 13661 | D:13     | Reached skill level 14 in Maces & Flails
 14522 | D:14     | Found a shimmering altar of Xom.
 14548 | D:14     | Found a gate leading to a gauntlet.
 14555 | Gauntlet | Entered a Gauntlet
 14555 | Gauntlet | Found a transporter.
 14555 | Gauntlet | Found a transporter.
 14556 | Gauntlet | Found a transporter.
 14631 | Gauntlet | Found a transporter.
 14631 | Gauntlet | Found a transporter.
 14632 | Gauntlet | Found a transporter.
 14644 | Gauntlet | Found a transporter.
 14646 | Gauntlet | Found a transporter.
 14648 | Gauntlet | Found a large runed translucent door.
 14649 | Gauntlet | Found a large runed translucent door.
 14650 | Gauntlet | Found a large runed translucent door.
 14650 | Gauntlet | Found a large runed translucent door.
 14650 | Gauntlet | Found a runed translucent door.
 14650 | Gauntlet | Found a runed translucent door.
 14651 | Gauntlet | Found a large runed translucent door.
 14651 | Gauntlet | Found a large runed translucent door.
 14651 | Gauntlet | Found a large runed translucent door.
 14651 | Gauntlet | Found a large runed translucent door.
 14652 | Gauntlet | Found a large runed translucent door.
 14652 | Gauntlet | Found a large runed translucent door.
 14653 | Gauntlet | Found a large runed translucent door.
 14653 | Gauntlet | Found a large runed translucent door.
 14654 | Gauntlet | Found a runed translucent gate.
 14654 | Gauntlet | Found a runed translucent gate.
 14654 | Gauntlet | Found a runed translucent gate.
 14656 | Gauntlet | Found a transporter.
 14666 | Gauntlet | Found a large runed translucent door.
 14667 | Gauntlet | Found a large runed translucent door.
 14671 | Gauntlet | Found a transporter.
 14690 | Gauntlet | Found a transporter.
 14692 | Gauntlet | Found a transporter.
 15365 | Gauntlet | Got a warped platinum ring
 15473 | Gauntlet | Identified the ring "Jiopsuc" {rPois MR++ Str+4 Int+3} (You
                  | found it in a Gauntlet)
 15482 | Gauntlet | Identified the +5 arbalest of Lunugint {velocity, -Tele
                  | rElec Dex+2 SInv}
 15482 | Gauntlet | Noticed a minotaur
 15500 | Gauntlet | Killed a minotaur
 15500 | Gauntlet | Reached skill level 10 in Invocations
 16142 | D:15     | Entered Level 15 of the Dungeon
 16174 | D:15     | Noticed Azrael
 16206 | D:15     | Killed from afar by Azrael

Levels and vault maps discovered:
D:1:      ncdulo_watergridlock, layout_basic
D:2:      layout_basic, kennysheep_slug_shrine, ashenzari_conservatory_becter,
          grunt_ministairs_3, uniq_natasha
D:3:      minmay_recursive_quarters, layout_basic, xom_butterflies, zin_purify,
          trog_hazing_becter
D:4:      cheibrodos_helix_gallery, layout_rooms, first_ration, uniq_menkaure
D:5:      layout_gridville, minmay_ruined_shrine, uniq_sigmund, uniq_eustachio
D:6:      layout_rooms, chequers_temple_overflow_statue_of_worship,
          temple_fountains, ebering_ghost_gozag, serial_shops,
          nicolae_shop_waterfront, minmay_door_square, minmay_manual_mullet,
          uniq_edmund
D:7:      layout_basic, lemuel_coloured_pillars_altar, minmay_strange_pillars,
          cheibrodos_ashenzari_chains
D:8:      layout_basic, uniq_prince_ribbit1
D:9:      layout_long_grid, lightli_temple_of_fire, kennysheep_mini_moat,
          grunt_temple_overflow_diamond, kennysheep_mini,
          minmay_lair_entry_grove
D:10:     gammafunk_jiyva_shrine, layout_rooms, erik_orc_2, hangedman_fish_farm,
          kennysheep_generic_room_2
D:11:     layout_basic, enter_trove_6, special_room [special_room_kobold]
D:12:     layout_irregular_city, hellmonk_ghost_happy_afterlife, uniq_psyche
D:13:     layout_big_octagon, erik_vaults_1, serial_shops, shop
D:14:     layout_roguey, old_standard_altar, gauntlet_entry_generic
D:15:     hangedman_depths_entry_try_elsewhere_first, layout_basic,
          portal_ice_cave_entry_pillars_2, minivault_25_ag,
          nicolae_dithmenos_the_darkroom, uniq_azrael

Skill      XL: |  1  2  3  4  5  6  7  8  9 10 11 12 13 |
---------------+----------------------------------------+-----
Fighting       | 4 5 6 7 9 10 11 12 13 | 13.7
Shields        | 4 5 6 7 9 10 11 12 | 12.1
Maces & Flails | 3 4 5 6 8 10 12 13 14 | 14.6
Invocations    | 4 6 8 10 | 10.0
Armour         | 5 7 |  7.7

Action                   |  1- 3 |  4- 6 |  7- 9 | 10-12 | 13-15 || total
-------------------------+-------+-------+-------+-------+-------++-------
Melee: Flail             |    93 |   210 |   265 |   942 |       ||  1510
       Kick              |       |     7 |   118 |     1 |       ||   126
       Demon whip        |       |       |       |   124 |   272 ||   396
Invok: Slouch            |       |       |       |     8 |     9 ||    17
       Step From Time    |       |       |       |       |     1 ||     1
Evoke: Wand              |       |       |       |     8 |     1 ||     9
  Use: Potion            |       |     8 |     4 |     5 |     3 ||    20
       Scroll            |       |       |       |    12 |     5 ||    17
 Stab: Distracted        |       |       |       |     1 |       ||     1
       Confused          |       |       |       |     1 |       ||     1
       Sleeping          |       |       |       |     1 |       ||     1
  Eat: Chunk             |       |     6 |     5 |    13 |     6 ||    30
       Ration            |       |       |       |     1 |       ||     1
Armor: Scale mail        |    56 |   121 |    98 |   303 |    67 ||   645
       Skin              |       |    24 |       |     6 |       ||    30
Dodge: Dodged            |    38 |    82 |    69 |   220 |    39 ||   448
Block: Shield            |    57 |   148 |   133 |   751 |   130 ||  1219
